 Dungeon Crawl Stone Soup version 0.32-a0-918-g0f22ef8d61 (webtiles) character file.

Game seed: 8795463077012944254

4116731 bananaken the Middleweight Champion (level 26, 241/260 HPs)
             Began as a Minotaur Monk on Apr 11, 2024.
             Was the Champion of Cheibriados.
             Escaped with the Orb
             ... and 5 runes!
             The game lasted 03:07:05 (48784 turns).

bananaken the Middleweight Champion (MiMo)         Turns: 48784, Time: 03:07:06

Health: 241/260    AC: 48    Str: 50 (52) XL:     26   Next: 73%
Magic:  41/41      EV: 32    Int: 30 (32) God:    Cheibriados [******]
Gold:   9192       SH: 24    Dex: 47      Spells: 13/25 levels left

rFire   + +          .
                       - Unarmed
rCold   + + +        R - +4 kite shield of Dejace {rElec rF+ MP+9}
rNeg    + + +        w - +7 gold dragon scales
rPois   +            (helmet restricted)
rElec   +            g - +1 cloak of Qaikyxta {rC+ rCorr Dex+4}
rCorr   +            d - +3 pair of gauntlets of War {Slay+5}
SInv    .            O - +2 pair of boots of the Aged Loafs {Regen+ Int+5 Stlth-}
Will    +....        a - amulet "Fuiro" {RegenMP+ Str+3 Int+3 Dex+5} Stlth
                     V - ring "Suasao Zesch" {Fly rN+++ Str+6 Dex+4 Stlth-}
HPRegen 1.43/turn    j - ring "Weuniwea" {Str+6 Dex+2 Slay+3}
MPRegen 0.67/turn

%: no passive effects
@: flying, studying Ranged Weapons, very slow
A: horns 2, retaliatory headbutt, iridescent scales 1, cold resistance 1, poison
resistance
0: Orb of Zot
}: 5/15 runes: barnacled, slimy, silver, abyssal, gossamer
a: Renounce Religion, Bend Time, Temporal Distortion, Slouch, Step From Time


You escaped.
You worshipped Cheibriados.
Cheibriados was exalted by your worship.
You visited 12 branches of the dungeon, and saw 56 of its levels.
You visited the Abyss 3 times.
You also visited: Trove and Wizlab.

You collected 11553 gold pieces.
You spent 2361 gold pieces at shops.

Inventory:

Missiles
 y - 6 throwing nets
Armour
 d - the +3 pair of gauntlets of War (worn) {Slay+5}
   (You found it on level 3 of the Crypt)

   Slay+5:    It affects your accuracy & damage with ranged weapons and melee
   (+5).
 f - the +1 cloak of Starlight {*Dazzle EV+4 Stlth--}
   (You found it in a wizard's laboratory)

   *Dazzle:   It may blind those who miss an attack against the wearer in melee
   combat.
   EV+4:      It affects your evasion (+4).
   Stlth--:   It makes you much less stealthy.
 g - the +1 cloak of Qaikyxta (worn) {rC+ rCorr Dex+4}
   (You found it in a wizard's laboratory)

   Dex+4:     It affects your dexterity (+4).
   rC+:       It protects you from cold.
   rCorr:     It protects you from acid and corrosion.
 w - +7 gold dragon scales (worn)
 x - a +2 hat of stealth
 O - the +2 pair of boots of the Aged Loafs (worn) {Regen+ Int+5 Stlth-}
   (You found it in a treasure trove)

   Int+5:     It affects your intelligence (+5).
   Regen+:    It increases your rate of health regeneration.
   Stlth-:    It makes you less stealthy.
 R - the +4 kite shield of Dejace (worn) {rElec rF+ MP+9}
   (You acquired it on level 3 of the Elven Halls)

   rF+:       It protects you from fire.
   rElec:     It insulates you from electricity.
   MP+9:      It affects your magic capacity (+9).
 Z - the +5 moon troll leather armour {Spirit, Regen++ MP+5}
   (You found it on level 13 of the Dungeon)

   MP+5:      It affects your magic capacity (+5).
   Regen++:   It increases your rate of health regeneration.
Jewellery
 a - the amulet "Fuiro" (around neck) {RegenMP+ Str+3 Int+3 Dex+5}
   (You bought it in a shop on level 1 of the Depths)

   [amulet of magic regeneration]

   It increases your rate of magic regeneration.
   Str+3:     It affects your strength (+3).
   Int+3:     It affects your intelligence (+3).
   Dex+5:     It affects your dexterity (+5).
   RegenMP+:  It increases your rate of magic regeneration.
 j - the ring "Weuniwea" (right hand) {Str+6 Dex+2 Slay+3}
   (You bought it in a shop on level 1 of the Depths)

   [ring of strength]

   Str+6:     It affects your strength (+6).
   Dex+2:     It affects your dexterity (+2).
   Slay+3:    It affects your accuracy & damage with ranged weapons and melee
   (+3).
 v - the ring "Zora" {rPois rF+ Str+2}
   (You found it on level 5 of the Pits of Slime)

   [ring of poison resistance]

   Str+2:     It affects your strength (+2).
   rF+:       It protects you from fire.
   rPois:     It protects you from poison.
 K - the ring "Yduugupt" {+Blink Will+ Dex+4}
   (You found it in a treasure trove)

   [ring of willpower]

   Dex+4:     It affects your dexterity (+4).
   Will+:     It increases your willpower.
   +Blink:    It lets you blink.
 V - the ring "Suasao Zesch" (left hand) {Fly rN+++ Str+6 Dex+4 Stlth-}
   (You took it off a deep elf demonologist on level 3 of the Elven Halls)

   [ring of strength]

   Str+6:     It affects your strength (+6).
   Dex+4:     It affects your dexterity (+4).
   rN+++:     It renders you almost immune to negative energy.
   Fly:       It grants you flight.
   Stlth-:    It makes you less stealthy.
Wands
 n - a wand of warping (92)
 A - a wand of paralysis (51)
 B - a wand of flame (67)
 C - a wand of quicksilver (22)
 H - a wand of polymorph (38)
 N - a wand of mindburst (31)
 Y - a wand of digging (9)
Scrolls
 b - 9 scrolls of fog
 c - 3 scrolls of amnesia
 h - a scroll of revelation
 i - 21 scrolls of teleportation
 m - 14 scrolls of poison
 p - 36 scrolls of identify
 r - 6 scrolls of blinking
 u - 7 scrolls of vulnerability
 E - 3 scrolls of summoning
 F - 2 scrolls of brand weapon
 I - 4 scrolls of noise
 S - 4 scrolls of immolation
 X - 4 scrolls of fear
Potions
 e - 15 potions of enlightenment
 k - 4 potions of cancellation
 o - 26 potions of curing
 q - 5 potions of mutation
 s - 4 potions of magic
 t - 6 potions of heal wounds
 z - 4 potions of might
 D - 5 potions of ambrosia
 G - 6 potions of brilliance
 J - 6 potions of lignification
 L - a potion of resistance
 M - 4 potions of attraction
 Q - 2 potions of invisibility
Miscellaneous
 l - a phial of floods
 P - a lightning rod (4/4)
 T - a sack of spiders
 U - a phantom mirror
 W - a condenser vane


   Skills:
 + Level 25.7 Fighting
 + Level 26.7 Armour
 + Level 16.0 Dodging
 - Level 6.3 Stealth
 + Level 15.6 Shields
 O Level 27 Unarmed Combat
 - Level 13.7 Translocations
 - Level 14.0 Invocations
 + Level 13.4 Evocations


You had 13 spell levels left.
You knew the following spells:

 Your Spells              Type           Power      Damage    Failure   Level
a - Lesser Beckoning      Tloc           100%       N/A       1%          2
b - Apportation           Tloc           100%       N/A       1%          1
c - Manifold Assault      Tloc           35%        N/A       69%         7
d - Blink                 Tloc           100%       N/A       1%          2

Your spell library contained the following spells:

 Spells                   Type           Power      Damage    Failure   Level
 Maxwell's Portable Pile  Tloc           70%        2d(12-34) 1%          3
 Teleport Other           Tloc           70%        N/A       1%          3
 Volatile Blastmotes      Fire/Tloc      82%        2d16      6%          3
 Dimensional Bullseye     Hex/Tloc       20%        N/A       21%         4
 Iskenderun's Mystic Bla Conj/Tloc 41%            2d9        (+2d5     21%         4
 Vhi's Electric Charge    Tloc/Air       82%        N/A       21%         4
 Foxfire                  Conj/Fire      0%         2x1d4     32%         1
 Freeze                   Ice            0%         1d3       32%         1
 Kiss of Death            Conj/Necr      0%         2d5       32%         1
 Magic Dart               Conj           0%         1d3       32%         1
 Sandblast                Erth           0%         2d4       32%         1
 Shock                    Conj/Air       0%         1d3       32%         1
 Summon Small Mammal      Summ           0%         N/A       32%         1
 Call Imp                 Summ           0%         N/A       45%         2
 Cigotuvi's Dreadful Rot  Necr/Alch/Air  0%         N/A       45%         2
 Ensorcelled Hibernation  Hex/Ice        0%         N/A       45%         2
 Mercury Vapours          Alch/Air       0%         N/A       45%         2
 Scorch                   Fire           0%         2d5       45%         2
 Sublimation of Blood     Necr           0%         N/A       45%         2
 Call Canine Familiar     Summ           0%         N/A       69%         3
 Confusing Touch          Hex            0%         N/A       69%         3
 Frozen Ramparts          Ice            0%         1d1       69%         3
 Fugue of the Fallen      Necr           0%         N/A       69%         3
 Hailstorm                Conj/Ice       0%         3d5       69%         3
 Inner Flame              Hex/Fire       0%         N/A       69%         3
 Ozocubu's Armour         Ice            0%         N/A       69%         3
 Passwall                 Erth           0%         N/A       69%         3
 Stone Arrow              Conj/Erth      0%         3d7       69%         3
 Summon Ice Beast         Ice/Summ       0%         N/A       69%         3
 Swiftness                Air            0%         N/A       69%         3
 Airstrike                Air            0%         2d(0-16)  97%         4
 Anguish                  Hex/Necr       0%         N/A       97%         4
 Animate Armour           Summ/Erth      0%         N/A       97%         4
 Animate Dead             Necr           0%         N/A       97%         4
 Brom's Barrelling Bould  Conj/Erth      0%         2d3       97%         4
 Cause Fear               Hex            0%         N/A       97%         4
 Dispel Undead            Necr           0%         3d6       97%         4
 Flame Wave               Conj/Fire      0%         2d4       97%         4
 Fulminant Prism          Conj/Alch      0%         3d5       97%         4
 Ignite Poison            Fire/Alch      0%         N/A       97%         4
 Leda's Liquefaction      Alch/Erth      0%         N/A       97%         4
 Petrify                  Alch/Erth      0%         N/A       97%         4
 Sticky Flame             Fire/Alch      0%         2d4       97%         4
 Summon Blazeheart Golem  Fire/Summ      0%         N/A       97%         4
 Alistair's Intoxication  Alch           0%         N/A       100%        5
 Arcjolt                  Conj/Air       0%         1d10      100%        5
 Borgnjor's Vile Clutch   Necr/Erth      0%         N/A       100%        5
 Freezing Cloud           Conj/Ice/Air   0%         6-21      100%        5
 Irradiate                Conj/Alch      0%         3d11      100%        5
 Lee's Rapid Deconstruct  Erth           0%         3d4*      100%        5
 Metabolic Englaciation   Hex/Ice        0%         N/A       100%        5
 Summon Mana Viper        Hex/Summ       0%         N/A       100%        5
 Bombard                  Conj/Erth      0%         9d1       100%        6
 Death Channel            Necr           0%         N/A       100%        6
 Eringya's Noxious Bog    Alch           0%         4d6       100%        6
 Permafrost Eruption      Ice/Erth       0%         2x4d1     100%        6
 Plasma Beam              Fire/Air       0%         2x1d10    100%        6
 Sculpt Simulacrum        Ice/Alch       0%         N/A       100%        6
 Starburst                Conj/Fire      0%         6d3       100%        6
 Summon Cactus Giant      Summ           0%         N/A       100%        6
 Enfeeble                 Hex            0%         N/A       100%        7
 Haunt                    Necr/Summ      0%         N/A       100%        7
 Malign Gateway           Summ/Tloc      20%        N/A       100%        7
 Monstrous Menagerie      Summ           0%         N/A       100%        7
 Ozocubu's Refrigeration  Ice            0%         4d7       100%        7
 Summon Hydra             Summ           0%         N/A       100%        7
 Borgnjor's Revivificati  Necr           0%         N/A       100%        8
 Ignition                 Fire           0%         3d3       100%        8
 Lehudib's Crystal Spear  Conj/Erth      0%         10d2      100%        8
 Maxwell's Capacitive Co  Air            0%         ∞         100%        8
 Chain Lightning          Conj/Air       0%         N/A       100%        9
 Death's Door             Necr           0%         N/A       100%        9
 Dragon's Call            Summ           0%         N/A       100%        9
 Fire Storm               Conj/Fire      0%         5d1       100%        9
 Polar Vortex             Ice            0%         N/A       100%        9
 Shatter                  Erth           0%         3d5*      100%        9


Dungeon Overview and Level Annotations

Branches:
Dungeon (15/15)            Temple (1/1) D:6            Lair (5/5) D:10
 Shoals (4/4) Lair:3       Spider (4/4) Lair:3        Slime (5/5) Lair:4
    Orc (2/2) D:11            Elf (3/3) Orc:2        Vaults (5/5) D:14
  Crypt (3/3) Vaults:2       Tomb (0/3) Crypt:3      Depths (4/4) D:15
    Zot (5/5) Depths:4     WizLab (visited)

Altars:
Ashenzari
Cheibriados
Dithmenos
Elyvilon
Fedhas
Gozag
Hepliaklqana
Kikubaaqudgha
Makhleb
Nemelex Xobeh
Okawaru
Qazlal
Ru
Sif Muna
Trog
Uskayaw
Vehumet
Wu Jian
Xom
Yredelemnul
Zin
The Shining One
Beogh
Jiyva

Shops:
D:1 (   D:5 [   D:6 *   D:9 [   D:11 *   D:13 :   D:14 ::=   Orc:1 (
Orc:2 ??[   Elf:3 (   Shoals:4 :   Vaults:1 !   Zot:5 *   Depths:1 =::
Depths:2 ([*

Portals:
Hell: Depths:1 Depths:2 Depths:3 Depths:4
Abyss: Depths:2 Depths:3
Pandemonium: Depths:1 Depths:2
Ziggurat: Depths:2

Annotations:
D:9 3 transporters
Shoals:2 4 transporters
Elf:2 3 runed translucent doors
Crypt:2 3 runed translucent doors
Zot:5 2 exclusions


Innate Abilities, Weirdness & Mutations

You have a pair of horns on your head.
You reflexively headbutt those who attack you in melee.
You are partially covered in iridescent scales. (AC +2)
Your flesh is cold resistant. (rC+)
Your system is resistant to poisons. (rPois)


Message History

You occasionally lose the ability to drink potions when taking damage.
You feel stronger.
A smoke demon comes into view.
You hit the smoke demon. Your headbutt misses the smoke demon.
The smoke demon is lightly wounded.
You pummel the smoke demon!! You headbutt the smoke demon!
You kill the smoke demon!
Cheibriados appreciates the change of pace.
You feel extremely strange.
You feel robust.
You feel weaker.
You feel frail.
You feel less energetic.
You feel your magical essence link to the dungeon's wands.
You feel extremely strange.
You feel more energetic.
You no longer become unable to drink potions after taking damage.
Your rate of healing slows.
Iridescent scales grow over part of your body.
You feel resistant to poisons.
You feel extremely strange.
You feel less resistant to poisons.
Your iridescent scales disappear.
You feel a hidden potential growing inside you.
You feel extremely strange.
Your magical essence no longer links to wands of the dungeon.
You feel robust.
You feel weaker.
Iridescent scales grow over part of your body.
Iridescent scales spread over more of your body.
You feel resistant to poisons.
You feel extremely strange.
You feel agile.
You feel less resistant to poisons.
You feel resistant to poisons.
You feel your magical essence link to the dungeon's wands.
The horns on your head grow some more.
Your +2 hat of stealth falls away!
You feel less stealthy.
You feel extremely strange.
You no longer feel a hidden potential within.
The horns on your head shrink a bit.
Your iridescent scales recede somewhat.
You feel resistant to cold.
Your toenails lengthen and sharpen.
You feel extremely strange.
Your magical essence no longer links to wands of the dungeon.
Your talons dull and shrink into feet.
You feel stronger.
You have escaped!

##.#.##...##.##.# #..####.####
#......#.......#####..# #.#
######...##...........# #[#
##.######'###########.#
#.##.........#.......#
#.##.........#######)#
#.##..⌠...⌠..# #.#
#..#.........### #.#
#..'....@....+.# #.#
######.##.........#.### #.#
#...##.##..⌠...⌠..#.#.###.#
#.......#.........#..#.##.#
#...##..#.........#.###...####
##.##########'###.#..#........
#.# #..#.#..#.#.#####. #.#
##...........# #. #.#
#.###.......2# #.


There were no monsters in sight!

Vanquished Creatures
  the Royal Jelly (Slime:5)
  4 dread liches
  2 ancient liches (Zot:5)
  4 orbs of fire
  Mara (Vaults:3)
  Mennas (Vaults:4)
  4 Killer Klowns (Zot:5)
  A curse toe (Zot:4)
  Margery (Vaults:3)
  11 golden dragons
  Jory (Vaults:4)
  3 bone dragons
  Norris (Elf:2)
  Arachne (Spider:3)
  3 electric golems
  17 tentacled monstrosities
  26 Orb Guardians
  2 hellephants
  10 liches
  Rupert (Lair:3)
  5 quicksilver dragons
  2 walking earthen tomes
  A titan (Vaults:5)
  A pandemonium lord (D:4)
  3 sphinxes
  A tentacled starspawn (WizLab)
  3 deep elf master archers (Elf:3)
  2 deep elf blademasters (Elf:3)
  A kraken (Shoals:4)
  12 acid blobs
  An Executioner (D:8)
  3 ancient champions
  4 death cobs
  2 eldritch tentacles (WizLab)
  3 tengu reavers
  Gastronok (Lair:1)
  7 shadow dragons
  10 storm dragons
  Aizul (Shoals:2)
  Donald (Spider:3)
  6 rockslimes (Slime:5)
  A revenant (Crypt:2)
  2 protean progenitors
  Roxanne (Spider:3)
  Ilsuiw (Shoals:4)
  7 draconian knights
  14 azure jellies
  An emperor scorpion (Spider:4)
  An iron dragon (Vaults:5)
  9 draconian scorchers
  9 fire giants
  6 draconian monks
  8 draconian shifters
  3 deep elf sorcerers (Elf:3)
  20 vault wardens
  6 ghost moths
  9 frost giants
  4 deep elf elementalists (Elf:3)
  A balrug (WizLab)
  5 curse skulls
  A caustic shrike zombie (Crypt:3)
  2 draconian stormcallers
  12 draconian annihilators
  3 cacodemons
  2 orc warlords
  18 ironbound preservers
  10 stone giants
  6 ironbound thunderhulks
  5 quicksilver oozes (Slime:5)
  6 formless jellyfish
  A juggernaut skeleton (Crypt:3)
  5 green draconians
  2 broodmothers
  12 black draconians
  11 vampire knights
  23 very ugly things
  An eleionoma (shapeshifter) (Depths:3)
  18 red draconians
  10 dire elephants
  A deep elf demonologist (Elf:3)
  14 white draconians
  3 deep elf death magi
  12 spark wasps
  6 deep elf annihilators (Elf:3)
  9 war gargoyles
  14 purple draconians
  2 blizzard demons (Depths:3)
  2 yellow draconians
  17 ettins
  7 eidola
  3 merfolk javelineers (Shoals:4)
  Snorg (D:11)
  3 crystal guardians
  A mummy priest (Crypt:3)
  7 fire dragons
  6 jiangshi
  An entropy weaver (shapeshifter) (D:14)
  9 merfolk impalers
  A fire dragon (shapeshifter) (WizLab)
  10 entropy weavers
  19 yaktaur captains
  3 deep elf high priests
  7 rakshasas
  35 vault guards
  5 great orbs of eyes
  2 catoblepae (shapeshifter) (Depths:3)
  A hell beast (D:14)
  12 ironbound frosthearts
  7 hydras
  9 ice dragons
  4 ogre magi
  3 radroaches (Spider:3)
  3 catoblepae
  2 peacekeepers
  An alligator (Zot:2)
  A death knight (D:15)
  8 boulder beetles
  7 jorogumos
  An alligator (shapeshifter) (Depths:3)
  A spriggan skeleton (Crypt:3)
  12 two-headed ogres
  6 merfolk avatars
  4 spriggan air magi
  28 dancing weapons
  10 centaur warriors
  A merfolk aquamancer (Shoals:4)
  A satyr (Shoals:2)
  A death yak (shapeshifter) (Depths:3)
  6 death yaks
  An anaconda (shapeshifter) (Depths:3)
  6 deep troll earth magi
  A satyr (shapeshifter) (Depths:3)
  6 tengu warriors
  7 demonic crawlers
  A spriggan berserker (Depths:4)
  A thrashing horror (Abyss:3)
  5 deep troll shamans
  4 soul eaters
  7 vampire magi
  Urug (Lair:1)
  2 orc high priests
  2 shock serpents (shapeshifter)
  A sun demon (Depths:2)
  4 hell knights
  4 occultists
  A titan skeleton (Crypt:2)
  Amaemon (Lair:1)
  3 skysharks (shapeshifter)
  10 deep elf knights
  2 shadow wraiths (Abyss:4)
  4 iron trolls
  A death drake (shapeshifter) (Depths:3)
  5 pharaoh ants
  12 skeletal warriors
  2 sixfirhies
  6 skysharks
  41 deep trolls
  A fire crab (D:14)
  A shadow demon (Depths:2)
  2 sun moths
  11 steelbarb worms
  11 glowing orange brains
  An orange crystal statue (Vaults:3)
  A spark wasp zombie (Crypt:2)
  13 sea snakes
  9 arcanists
  7 deep elf archers
  A bunyip skeleton (Crypt:1)
  A fenstrider witch simulacrum (Crypt:3)
  4 flayed ghosts
  An iron giant skeleton (Crypt:3)
  14 phantasmal warriors
  2 obsidian bats
  A sun moth (shapeshifter) (Vaults:5)
  2 steelbarb worms (shapeshifter)
  22 harpies
  21 deep elf pyromancers
  5 necromancers
  14 thermic dynamos
  8 orb spiders
  15 deep elf zephyrmancers
  A harpy (shapeshifter) (Depths:3)
  6 obsidian statues
  13 lindwurms
  An anaconda skeleton (Crypt:3)
  31 wolf spiders
  20 ironbound convokers
  A shadow dragon skeleton (Crypt:3)
  8 orc knights
  68 ugly things
  A shining eye (Slime:5)
  6 fauns
  6 large abominations
  7 orc sorcerers
  12 cyclopes
  19 manticores
  2 will-o-the-wisps
  2 worldbinders (WizLab)
  An oklob plant (Lair:5)
  15 moths of wrath
  Maurice (D:7)
  10 meliai
  9 black mambas
  An eye of devastation (Slime:5)
  A black mamba (shapeshifter) (D:14)
  10 merfolk sirens
  A stone giant skeleton (Crypt:3)
  A formless jellyfish zombie (Crypt:1)
  22 vault sentinels
  25 elephants
  A titan simulacrum (Crypt:3)
  An orange demon (Lair:1)
  3 kobold blastminers (Orc:2)
  An eye of devastation (shapeshifter) (Depths:2)
  3 smoke demons
  4 water nymphs
  3 guardian serpents
  3 torpor snails (shapeshifter)
  5 torpor snails
  A dire elephant skeleton (Crypt:3)
  3 gargoyles
  Jeremiah (D:8)
  2 unseen horrors
  17 cane toads
  A hellion (WizLab)
  3 rime drakes
  A swamp worm zombie (Crypt:3)
  Psyche (D:10)
  2 kobold demonologists (D:11)
  An alligator snapping turtle skeleton (Crypt:3)
  6 efreet
  3 freezing wraiths
  30 yaktaurs
  5 tengu conjurers (Depths:2)
  3 guardian mummies (Crypt:3)
  A tormentor (Depths:1)
  7 komodo dragons
  A silent spectre (Abyss:4)
  19 merfolk
  12 trolls
  An ice devil (D:4)
  A queen bee (shapeshifter) (Elf:3)
  An unseen horror skeleton (Crypt:3)
  2 hellwings
  2 hornets (Lair:5)
  A polar bear (shapeshifter) (D:14)
  A merfolk (shapeshifter) (WizLab)
  50 jumping spiders
  4 wind drakes
  A hornet (shapeshifter) (D:14)
  2 tarantellas (shapeshifter) (D:14)
  A raiju (WizLab)
  A hydra skeleton (Crypt:3)
  A raiju (shapeshifter) (D:14)
  A dream sheep (shapeshifter) (WizLab)
  5 glass eyes
  10 blink frogs
  10 snapping turtles
  6 dream sheep
  28 tarantellas
  Sigmund (D:2)
  2 slime creatures (shapeshifter)
  5 vampires
  A dire elephant simulacrum (Crypt:2)
  A guardian serpent skeleton (Crypt:3)
  76 slime creatures
  24 culicivoras
  A culicivora (shapeshifter) (D:14)
  A black mamba zombie (Crypt:2)
  A spriggan (Lair:1)
  6 air elementals
  10 wraiths
  A spriggan (shapeshifter) (D:14)
  15 wyverns
  A shadow (D:10)
  27 fire elementals
  9 water elementals
  47 yaks
  5 steam dragons
  8 wargs
  3 golden eyes
  51 redbacks
  5 basilisks
  A chaos spawn (D:15)
  2 vampire mosquitoes (D:14)
  A water nymph zombie (Crypt:1)
  2 acid dragons
  26 water moccasins
  2 hornet zombies
  23 orc warriors
  3 black bears
  2 ice beasts
  2 sky beasts
  A sky beast (shapeshifter) (Vaults:1)
  13 laughing skulls
  28 ogres
  13 boggarts
  3 centaurs
  25 wolves
  A manticore skeleton (Crypt:2)
  6 kobold brigands
  A wyvern zombie (Crypt:3)
  6 bullfrogs
  A gnoll sergeant (D:10)
  2 scorpions (D:6)
  9 earth elementals
  4 wights (D:6)
  A small abomination (D:4)
  4 killer bees
  A troll zombie (Crypt:2)
  3 electric eels (Spider:2)
  A vampire bat (D:7)
  2 howler monkeys
  A bombardier beetle (D:5)
  A human zombie (Crypt:2)
  A bullfrog skeleton (Crypt:2)
  A gnoll bouda (D:7)
  3 hounds
  A jelly (D:6)
  20 orc priests
  Crazy Yiuf (D:4)
  Jessica (D:2)
  5 iguanas
  Terence (D:2)
  2 sleepcaps
  11 orc wizards
  4 hell rats (Lair:1)
  6 mummies (Crypt:3)
  7 adders
  8 gnolls
  A steam dragon skeleton (Crypt:1)
  A shadow imp (D:7)
  2 white imps
  A dart slug (D:4)
  A ribbon worm (D:2)
  73 orcs
  8 bats
  2 bat skeletons (D:7)
  4 bat zombies (D:7)
  5 endoplasms
  4 giant cockroaches
  9 hobgoblins
  35 kobolds
  2 quokkas
  A river rat zombie (Crypt:1)
  7 ball pythons
  A ball python zombie (Crypt:1)
  5 frilled lizards
  A gnoll skeleton (Crypt:2)
  6 goblins
  3 rats
  A river rat skeleton (Crypt:3)
  An aspiring flesh (Zot:2)
  2 starspawn tentacles (WizLab)
  3 tentacles (Shoals:4)
2376 creatures vanquished.

Vanquished Creatures (collateral kills)
  A glass eye (Slime:5)
  2 slime creatures (Slime:5)
3 creatures vanquished.

Vanquished Creatures (others)
  A lich (Vaults:5)
  A death cob (Zot:1)
  A fire dragon (D:14)
  A deep troll (Depths:4)
  5 orb spiders (Spider:4)
  A cane toad (shapeshifter) (D:14)
  A tarantella (shapeshifter) (D:14)
  2 water elementals (Depths:3)
  A golden eye (shapeshifter) (D:14)
  2 basilisks (D:14)
  An orc warrior (Elf:2)
  A boggart (D:14)
  4 foxfires (Abyss:4)
  A starspawn tentacle (WizLab)
  15 tentacles (Shoals:4)
38 creatures vanquished.

Grand Total: 2417 creatures vanquished

Notes
Turn   | Place    | Note
-------+----------+-------------------------------------------
     0 | D:1      | bananaken the Minotaur Monk began the quest for the Orb.
     0 | D:1      | Reached XP level 1. HP: 19/19 MP: 0/0
   210 | D:1      | Reached XP level 2. HP: 25/27 MP: 1/1
   243 | D:1      | Found Qafuaqas's Antique Weapon Shoppe.
   759 | D:2      | Noticed Jessica
   773 | D:2      | Reached skill level 4 in Unarmed Combat
   776 | D:2      | Killed Jessica
   777 | D:2      | Reached XP level 3. HP: 14/33 MP: 2/2
   867 | D:2      | Noticed Sigmund
  1019 | D:2      | Reached XP level 4. HP: 40/40 MP: 3/3
  1070 | D:2      | Noticed Terence
  1078 | D:2      | Killed Terence
  1496 | D:2      | Gained mutation: You are partially covered in iridescent
                  | scales. (AC +2) [potion of mutation]
  1496 | D:2      | Gained mutation: Your natural rate of healing is unusually
                  | fast. [potion of mutation]
  1512 | D:2      | Killed Sigmund
  1513 | D:2      | Reached skill level 5 in Fighting
  1513 | D:2      | Reached skill level 5 in Unarmed Combat
  1513 | D:2      | Reached XP level 5. HP: 31/48 MP: 4/4
  1513 | D:2      | Reached XP level 6. HP: 37/56 MP: 5/5
  2559 | D:5      | Entered Level 5 of the Dungeon
  2724 | D:4      | Reached skill level 6 in Unarmed Combat
  3257 | D:4      | Found a runed translucent door.
  3258 | D:4      | Noticed Crazy Yiuf
  3312 | D:4      | Reached skill level 5 in Dodging
  3546 | D:4      | Killed Crazy Yiuf
  3547 | D:4      | Reached XP level 7. HP: 30/62 MP: 6/6
  3665 | D:5      | Found a burning altar of Makhleb.
  3676 | D:5      | Noticed a cacodemon
  3680 | D:5      | Noticed a hellwing
  3680 | D:5      | Noticed a neqoxec
  3699 | D:5      | Reached skill level 7 in Unarmed Combat
  3785 | D:5      | Found a radiant altar of Vehumet.
  3788 | D:5      | Found a transporter.
  3790 | D:5      | Found Ryrch's Armour Shoppe.
  3870 | D:5      | Found a transporter.
  4390 | D:6      | Reached skill level 8 in Unarmed Combat
  4390 | D:6      | Reached XP level 8. HP: 69/71 MP: 7/7
  4571 | D:6      | Reached skill level 9 in Unarmed Combat
  4626 | D:6      | Found a staircase to the Ecumenical Temple.
  4658 | Temple   | Entered the Ecumenical Temple
  4663 | Temple   | Became a worshipper of Cheibriados the Contemplative
  4663 | Temple   | Reached * piety under Cheibriados
  4663 | Temple   | Reached ** piety under Cheibriados
  4932 | D:6      | Reached skill level 1 in Armour
  4936 | D:6      | Reached skill level 1 in Invocations
  4997 | D:6      | Found Ciorhiov's Overcharged Wands.
  5012 | D:6      | Reached XP level 9. HP: 81/81 MP: 8/8
  5259 | D:7      | Found a glowing golden altar of the Shining One.
  5260 | D:7      | Found a shimmering altar of Xom.
  5261 | D:7      | Found a hide-covered altar of Uskayaw.
  5261 | D:7      | Found an ornate altar of the Wu Jian Council.
  5321 | D:7      | Reached skill level 10 in Unarmed Combat
  5429 | D:7      | Reached *** piety under Cheibriados
  5719 | D:7      | Noticed Maurice
  5725 | D:7      | Killed Maurice
  5973 | D:7      | Found an ancient bone altar of Kikubaaqudgha.
  6340 | D:8      | Identified the +9 spear of the Freezing Wasp {antimagic,
                  | rElec rC+ Int+3 Dex+4}
  6390 | D:8      | Reached **** piety under Cheibriados
  6395 | D:8      | Learned a level 2 spell: Lesser Beckoning
  6607 | D:8      | Reached skill level 11 in Unarmed Combat
  6607 | D:8      | Reached XP level 10. HP: 66/90 MP: 11/11
  6967 | D:8      | Noticed Jeremiah
  6975 | D:8      | Killed Jeremiah
  6976 | D:8      | Reached skill level 1 in Translocations
  7010 | D:9      | Found a transporter.
  7083 | D:9      | Found a transporter.
  7188 | D:9      | Reached skill level 5 in Armour
  7238 | D:9      | Found Anuox's Antique Armour Emporium.
  7314 | D:9      | Found a transporter.
  7321 | D:9      | Found a transporter.
  7917 | D:9      | Found a sacrificial altar of Ru.
  7999 | D:10     | Entered Level 10 of the Dungeon
  8065 | D:10     | Reached ***** piety under Cheibriados
  8147 | D:10     | Reached skill level 12 in Unarmed Combat
  8570 | D:10     | Noticed Psyche
  8573 | D:10     | Killed Psyche
  8607 | D:10     | Reached XP level 11. HP: 99/99 MP: 13/13
  8695 | D:10     | Found a stormy altar of Qazlal.
  8803 | D:10     | Noticed a two-headed ogre
  8806 | D:10     | Reached skill level 10 in Fighting
  8806 | D:10     | Reached skill level 5 in Invocations
  8813 | D:10     | Killed a two-headed ogre
  8892 | D:10     | Found a staircase to the Lair.
  9072 | D:10     | Found an opulent altar of Gozag.
  9201 | D:11     | Found Varuib's General Store.
  9219 | D:11     | Noticed a boulder beetle
  9242 | D:11     | Killed a boulder beetle
  9357 | D:11     | Identified the +8 mace of Sulphur {freeze, ^Fragile +Blink
                  | rCorr SInv}
  9360 | D:11     | Noticed Snorg
  9369 | D:11     | Killed Snorg
  9451 | D:11     | Found a staircase to the Orcish Mines.
  9546 | D:11     | Noticed a two-headed ogre
  9554 | D:11     | Killed a two-headed ogre
  9555 | D:11     | Reached skill level 13 in Unarmed Combat
  9562 | D:11     | Found a glowing silver altar of Zin.
  9562 | D:11     | Noticed an angel
  9626 | D:11     | Noticed a boulder beetle
  9652 | D:11     | Killed a boulder beetle
  9817 | D:12     | Noticed a two-headed ogre
  9826 | D:12     | Killed a two-headed ogre
  9976 | D:12     | Noticed a green ugly thing
  9985 | D:12     | Killed a green ugly thing
 10053 | D:12     | Reached XP level 12. HP: 110/110 MP: 15/15
 10280 | D:12     | Reached skill level 14 in Unarmed Combat
 10425 | D:12     | Found the +18 shield of the Gong {Loud rN+ Will+ rCorr
                  | EV-5}
 10679 | D:13     | Noticed a centaur warrior
 10686 | D:13     | Killed a centaur warrior
 10687 | D:13     | Reached skill level 1 in Shields
 10713 | D:13     | Found Deucokk's Vocational Training.
 10852 | D:13     | Found the +5 moon troll leather armour {Spirit, Regen++
                  | MP+5}
 11312 | D:14     | Reached ****** piety under Cheibriados
 11359 | D:14     | Reached skill level 15 in Unarmed Combat
 11376 | D:14     | Noticed a seven-headed hydra
 11383 | D:14     | Killed a seven-headed hydra
 11401 | D:14     | Noticed an ogre mage
 11417 | D:14     | Killed an ogre mage
 11418 | D:14     | Reached XP level 13. HP: 91/118 MP: 17/17
 11430 | D:14     | Noticed a fire dragon
 11440 | D:14     | Killed a fire dragon
 11471 | D:14     | Noticed an ettin
 11472 | D:14     | Noticed a fire dragon
 11489 | D:14     | Killed an ettin
 11512 | D:14     | Reached skill level 10 in Armour
 11512 | D:14     | Reached skill level 5 in Shields
 11527 | D:14     | Killed a fire dragon
 11720 | D:14     | Found Sinyit's Book Shop.
 11732 | D:14     | Reached skill level 16 in Unarmed Combat
 11908 | Lair:1   | Entered Level 1 of the Lair of Beasts
 12049 | Lair:1   | Noticed Amaemon
 12057 | Lair:1   | Killed Amaemon
 12551 | Lair:1   | Noticed Urug
 12561 | Lair:1   | Killed Urug
 12566 | Lair:1   | Reached XP level 14. HP: 82/129 MP: 17/19
 12619 | Lair:1   | Noticed Gastronok
 12627 | Lair:1   | Killed Gastronok
 13028 | Lair:2   | Reached skill level 17 in Unarmed Combat
 13034 | Lair:2   | Reached skill level 5 in Translocations
 13602 | Lair:3   | Found a staircase to the Shoals.
 13748 | Lair:3   | Found a hole to the Spider Nest.
 13780 | Lair:3   | Noticed Rupert
 13795 | Lair:3   | Killed Rupert
 14795 | Lair:4   | Found a viscous altar of Jiyva.
 14795 | Lair:4   | Found a staircase to the Slime Pits.
 15209 | Lair:4   | Reached skill level 10 in Invocations
 15603 | Lair:5   | Entered Level 5 of the Lair of Beasts
 15630 | Lair:5   | Reached XP level 15. HP: 132/138 MP: 21/21
 15639 | Lair:5   | Reached skill level 18 in Unarmed Combat
 16576 | Orc:1    | Entered Level 1 of the Orcish Mines
 16974 | Orc:1    | Found Voklimna's Weapon Shoppe.
 17006 | Orc:2    | Entered Level 2 of the Orcish Mines
 17078 | Orc:2    | Found a staircase to the Elven Halls.
 17164 | Orc:2    | Reached skill level 15 in Fighting
 17189 | Orc:2    | Paralysed by something for 5 turns
 17354 | Orc:1    | Found a roughly hewn altar of Beogh.
 17422 | Orc:2    | Reached skill level 19 in Unarmed Combat
 17469 | Orc:2    | Found Zapuom's Magic Scroll Shop.
 17507 | Orc:2    | Found Xyfoc's Magic Scroll Emporium.
 17538 | Orc:2    | Bought a scroll of blinking for 105 gold pieces
 17538 | Orc:2    | Bought a scroll of fear for 56 gold pieces
 17538 | Orc:2    | Bought a scroll of teleportation for 42 gold pieces
 17540 | Orc:2    | Found Vuud's Antique Armour Boutique.
 17541 | Orc:2    | Found Fopiam's Antique Armour Boutique.
 17804 | Orc:2    | Reached XP level 16. HP: 130/149 MP: 19/23
 17884 | Orc:2    | Found a roughly hewn altar of Beogh.
 18230 | D:14     | Found Zoifeih's Jewellery Boutique.
 18587 | D:14     | Found a gate to the Vaults.
 18784 | D:14     | Found Zanaud Hyrch's Book Shop.
 18946 | D:15     | Entered Level 15 of the Dungeon
 19403 | D:15     | Found a staircase to the Depths.
 19747 | D:15     | Reached skill level 20 in Unarmed Combat
 19961 | Elf:1    | Entered Level 1 of the Elven Halls
 20200 | Elf:1    | Paralysed by an air elemental for 1 turns
 20295 | Elf:1    | Reached skill level 1 in Evocations
 20365 | Elf:1    | Identified the ring of Tuag {Ice rElec rPois rCorr Dex+2}
 20420 | Elf:1    | Identified the +3 leather armour "Kyblibba" {Will+ Str+2}
 20521 | Elf:2    | Found a magical portal.
 20521 | Elf:2    | Noticed Norris
 20544 | Elf:2    | Killed Norris
 20593 | WizLab   | Entered The Roulette of Golubria
 20593 | WizLab   | Found a transporter.
 20662 | WizLab   | Found the +1 cloak of Starlight {*Dazzle EV+4 Stlth--}
 20662 | WizLab   | Found a corrupted altar of Lugonu.
 20690 | WizLab   | Found a transporter.
 20698 | WizLab   | Found a transporter.
 20762 | WizLab   | Found a transporter.
 20764 | WizLab   | Found a transporter.
 20764 | Abyss:2  | Cast into level 2 of the Abyss (rakshasa)
 20775 | Abyss:3  | Found a corrupted altar of Lugonu.
 20833 | Abyss:3  | Reached XP level 17. HP: 158/158 MP: 25/25
 20966 | Abyss:4  | Found a corrupted altar of Lugonu.
 20968 | Abyss:4  | Found a corrupted altar of Lugonu.
 20983 | Abyss:4  | Found a corrupted altar of Lugonu.
 20984 | Abyss:4  | Noticed a bone dragon
 20995 | Abyss:4  | Killed a bone dragon
 21046 | Abyss:4  | Noticed a lich
 21059 | Abyss:4  | Killed a lich
 21076 | WizLab   | Escaped the Abyss
 21130 | WizLab   | Noticed a tentacled monstrosity
 21130 | WizLab   | Found a transporter.
 21130 | WizLab   | Found a transporter.
 21130 | WizLab   | Found a corrupted altar of Lugonu.
 21140 | WizLab   | Killed a tentacled monstrosity
 21297 | WizLab   | Found a transporter.
 21300 | WizLab   | Found a transporter.
 21326 | WizLab   | Found a transporter.
 21343 | WizLab   | Found a transporter.
 21347 | WizLab   | Got the Discursus on Peregrination
 21350 | WizLab   | Learned a level 1 spell: Apportation
 21357 | WizLab   | Found a transporter.
 21357 | WizLab   | Found a transporter.
 21395 | WizLab   | Reached skill level 15 in Armour
 21525 | WizLab   | Identified the +2 cloak of Guqaryeq {Rampage rC+}
 21531 | WizLab   | Identified the +1 cloak of Qaikyxta {rC+ rCorr Dex+4}
 21566 | WizLab   | Noticed a tentacled monstrosity
 21566 | WizLab   | Found a transporter.
 21566 | WizLab   | Found a transporter.
 21577 | WizLab   | Killed a tentacled monstrosity
 21681 | WizLab   | Found a transporter.
 21681 | WizLab   | Noticed a lich
 21694 | WizLab   | Killed a lich
 21700 | WizLab   | Reached skill level 21 in Unarmed Combat
 21731 | WizLab   | Found a transporter.
 21800 | WizLab   | Found a transporter.
 21800 | WizLab   | Found a transporter.
 22314 | Elf:2    | Found a runed translucent gate.
 22315 | Elf:2    | Found a runed translucent gate.
 22315 | Elf:2    | Found a runed translucent gate.
 23027 | Elf:3    | Entered Level 3 of the Elven Halls
 23285 | Spider:1 | Entered Level 1 of the Spider Nest
 23459 | Spider:1 | Reached skill level 5 in Evocations
 23550 | Spider:1 | Reached XP level 18. HP: 164/170 MP: 26/26
 23659 | Spider:1 | Identified a scroll of acquirement
 23660 | Spider:1 | Acquired the ring of Kuigg {Wiz rElec Dex+3}
 24638 | Spider:3 | Reached skill level 22 in Unarmed Combat
 24942 | Spider:3 | Noticed Arachne
 24948 | Spider:3 | Killed Arachne
 25101 | Spider:3 | Identified the maw talisman of Nias {Int+2 Slay+5}
 25124 | Spider:3 | Reached skill level 10 in Dodging
 25125 | Spider:3 | Noticed Donald
 25130 | Spider:3 | Killed Donald
 25211 | Spider:3 | Noticed Roxanne
 25237 | Spider:3 | Killed Roxanne
 25545 | Spider:4 | Entered Level 4 of the Spider Nest
 25799 | Spider:4 | Learned a level 7 spell: Manifold Assault
 26275 | Spider:4 | Reached XP level 19. HP: 140/179 MP: 23/27
 26437 | Spider:4 | Got a gossamer rune of Zot
 26723 | Shoals:1 | Entered Level 1 of the Shoals
 26924 | Shoals:1 | Reached skill level 23 in Unarmed Combat
 27490 | Shoals:2 | Identified the serpent talisman "Xaozxud" {*Corrode rN+
                  | MP+9 Str+6}
 27490 | Shoals:2 | Noticed Aizul
 27516 | Shoals:2 | Killed Aizul
 27569 | Shoals:2 | Found a transporter.
 27628 | Shoals:2 | Found a transporter.
 27632 | Shoals:2 | Found a transporter.
 27650 | Shoals:2 | Found a transporter.
 27692 | Shoals:2 | Found a transporter.
 27694 | Shoals:2 | Found a transporter.
 28168 | Shoals:3 | Identified the +5 trident of Runon {drain, rF+}
 28205 | Shoals:4 | Entered Level 4 of the Shoals
 28289 | Shoals:4 | Identified the amulet "Moleaw" {Harm rPois Regen+ Slay+3}
 28382 | Shoals:4 | Found Fuegieli's Book Shoppe.
 28387 | Shoals:4 | Noticed Ilsuiw
 28432 | Shoals:4 | Killed Ilsuiw
 28504 | Shoals:4 | Found the sphere of Battle
 28682 | Shoals:4 | Got Sif Muna's Handbook of Calescent Ectoplasm
 28841 | Shoals:4 | Got a barnacled rune of Zot
 29347 | Slime:1  | Entered Level 1 of the Pits of Slime
 29681 | Slime:5  | Entered Level 5 of the Pits of Slime
 29700 | Slime:5  | Reached XP level 20. HP: 158/191 MP: 26/28
 29734 | Slime:5  | Found the ring of the Octopus King
 29736 | Slime:5  | Noticed the Royal Jelly
 29772 | Slime:5  | Killed the Royal Jelly
 29773 | Slime:5  | Reached skill level 24 in Unarmed Combat
 29855 | Slime:5  | Got a slimy rune of Zot
 29865 | Slime:5  | Identified the +1 ring mail of Xecoph {Str+5}
 29909 | Slime:5  | Identified the ring "Zora" {rPois rF+ Str+2}
 29948 | Slime:5  | Identified a ring of the Octopus King {Wiz HP+2 AC+2 EV+2
                  | SH+2}
 29969 | Slime:5  | Identified the amulet of Bofecs {Acrobat Harm MP+9}
 29983 | Slime:5  | Identified the staff "Newtslayer" {rElec rF- Int+2 Dex+3
                  | Tloc Air}
 30013 | Slime:5  | Identified the +4 dagger "Uxziahoz" {freeze, rElec rF+
                  | Str-3 Dex+4}
 30591 | Elf:3    | Found Paijuhin's Weapon Boutique.
 30640 | Elf:3    | Reached skill level 10 in Translocations
 30767 | Abyss:4  | Cast into level 4 of the Abyss (a deep elf sorcerer)
 30852 | Abyss:4  | Got an abyssal rune of Zot
 30864 | Elf:3    | Escaped the Abyss
 31119 | Elf:3    | Acquired the +4 kite shield of Dejace {rElec rF+ MP+9}
 31228 | Elf:3    | Got the Octavo of Lithic Immolation
 31244 | Elf:3    | Identified the ring "Suasao Zesch" {Fly rN+++ Str+6 Dex+4
                  | Stlth-}
 31260 | Elf:3    | Identified the +4 plate armour of the Dice {Will+ Str+3
                  | Int-4}
 31333 | Elf:3    | Identified the +5 trident of Peace {spect, rElec SInv}
 31343 | Elf:3    | Identified the +1 hand axe "Kiagufev" {drain, rPois rF+ rN+
                  | Dex+3}
 31378 | Elf:3    | Identified the ring of Tifa {rElec rPois rC- rCorr Dex-4}
 31408 | Elf:3    | Identified the +5 scimitar of Pugosic {flame, Str+3}
 31431 | Elf:3    | Got the Vademecum on Spawned Fog
 31760 | Vaults:1 | Entered Level 1 of the Vaults
 32370 | Vaults:1 | Paralysed by a sphinx for 2 turns
 32490 | Vaults:1 | Reached XP level 21. HP: 191/200 MP: 29/29
 32563 | Vaults:1 | Found Akuipnij's Distillery.
 32571 | Vaults:1 | Bought a potion of heal wounds for 55 gold pieces
 32571 | Vaults:1 | Bought a potion of curing for 33 gold pieces
 32571 | Vaults:1 | Bought a potion of curing for 33 gold pieces
 32651 | Vaults:1 | Reached skill level 25 in Unarmed Combat
 33484 | Vaults:2 | Found a staircase to the Crypt.
 34151 | Vaults:3 | Noticed Mara
 34162 | Vaults:3 | Noticed bananaken's illusion
 34162 | Vaults:3 | Killed Mara
 34395 | Vaults:3 | Noticed Margery
 34406 | Vaults:3 | Killed Margery
 35355 | Vaults:4 | Noticed Mennas
 35384 | Vaults:4 | Killed Mennas
 35483 | Vaults:4 | Reached XP level 22. HP: 211/211 MP: 31/31
 35542 | Vaults:4 | Reached skill level 26 in Unarmed Combat
 35781 | Vaults:4 | Noticed Jory
 35790 | Vaults:4 | Killed Jory
 35866 | Vaults:4 | Reached skill level 10 in Shields
 36577 | Vaults:5 | Entered Level 5 of the Vaults
 36804 | Vaults:5 | Noticed a dread lich
 36905 | Vaults:5 | Killed a dread lich
 36935 | Vaults:5 | Reached skill level 27 in Unarmed Combat
 36999 | Vaults:5 | Identified the +3 ring mail "Atiuhoc" {rElec rN++ Dex-4
                  | SInv}
 37021 | Vaults:5 | Reached XP level 23. HP: 196/222 MP: 32/32
 37207 | Vaults:5 | Identified the +1 broad axe "Omaj Awe" {venom, rPois}
 37240 | Vaults:5 | Got a silver rune of Zot
 37531 | Vaults:5 | Got the Encyclopedia of Incineration and Quicksand
 37533 | Vaults:5 | Identified the +0 dagger of the Shallot {venom, Str+5 Int+3
                  | Stlth-}
 37538 | Vaults:5 | Identified the +7 halberd of the Undead {freeze, *Rage rF+
                  | Will+ Int+6}
 37541 | Vaults:5 | Identified the +5 quarterstaff of Iplyutob {venom, rElec
                  | Int+2 Dex+2}
 37644 | Vaults:5 | Identified the staff of Dullness {rElec rN+ Necro}
 37660 | Vaults:5 | Identified the +1 scimitar of Devotion {flame, Str+3}
 38164 | Crypt:1  | Entered Level 1 of the Crypt
 38535 | Crypt:1  | Identified the +1 ring mail "Doveocawk" {rN+ Will- Int+5}
 38879 | Crypt:2  | Paralysed by something for 2 turns
 39168 | Crypt:2  | Found a runed translucent gate.
 39168 | Crypt:2  | Found a runed translucent gate.
 39168 | Crypt:2  | Found a runed translucent gate.
 39495 | Crypt:3  | Entered Level 3 of the Crypt
 39680 | Crypt:3  | Found the +3 pair of gauntlets of War {Slay+5}
 39791 | Crypt:3  | Found a staircase to the Tomb.
 40063 | Crypt:3  | Noticed a dread lich
 40112 | Crypt:3  | Killed a dread lich
 40118 | Crypt:3  | Noticed a dread lich
 40129 | Crypt:3  | Killed a dread lich
 40180 | Crypt:3  | Identified the +2 ring mail of Fortification {Dex+3}
 40187 | Crypt:3  | Got the Codex of the Liminal Winter
 40188 | Crypt:3  | Identified the staff of the Final Blessings {+Blink rN+
                  | SInv Necro}
 40188 | Crypt:3  | Identified the death talisman "Niac Tiv" {rF+ rCorr Int+5}
 40485 | Depths:1 | Entered Level 1 of the Depths
 40565 | Depths:1 | Found an ornate altar of the Wu Jian Council.
 40631 | Depths:1 | Found a one-way gate leading to the halls of Pandemonium.
 40849 | Depths:1 | Got Ejepiwn's Exposition on the Escort
 40857 | Depths:1 | Learned a level 2 spell: Blink
 40895 | Depths:1 | Found Quiqituf's Book Boutique.
 40896 | Depths:1 | Found Suthreafo's Jewellery Emporium.
 40897 | Depths:1 | Found Kula's Book Boutique.
 40906 | Depths:1 | Bought the amulet "Fuiro" {RegenMP+ Str+3 Int+3 Dex+5} for
                  | 1021 gold pieces
 41380 | Depths:1 | Found a gateway to Hell.
 42120 | Abyss:4  | Cast into level 4 of the Abyss (an occultist)
 42182 | Depths:2 | Escaped the Abyss
 42191 | Depths:2 | Reached XP level 24. HP: 198/234 MP: 32/32
 42194 | Depths:2 | Reached skill level 1 in Stealth
 42329 | Depths:2 | Found Gozag's Assorted Antiques.
 42334 | Depths:2 | Found an opulent altar of Gozag.
 42337 | Depths:2 | Found Gozag's Antique Armour Shop.
 42339 | Depths:2 | Found Gozag's Antique Weapon Boutique.
 42567 | Depths:2 | Found a one-way gate to the infinite horrors of the Abyss.
 42764 | Depths:1 | Bought the ring "Weuniwea" {Str+6 Dex+2 Slay+3} for 1016
                  | gold pieces
 42955 | Depths:2 | Gained mutation: Your body sometimes deteriorates upon
                  | taking damage. [a cacodemon]
 43058 | Depths:2 | Found a stormy altar of Qazlal.
 43106 | Depths:2 | Found a one-way gateway to a ziggurat.
 43610 | Depths:3 | Identified the +7 long sword of Wixt {speed, rC+ rN+}
 43835 | Depths:3 | Identified the +10 dagger "Xouti" {pain, Str+6}
 44014 | Depths:3 | Reached skill level 10 in Evocations
 44230 | Depths:4 | Entered Level 4 of the Depths
 44251 | Depths:4 | Reached skill level 5 in Stealth
 44678 | Depths:4 | Found a gate to the Realm of Zot.
 44729 | Depths:4 | Found a portal to a secret trove of treasure.
 44745 | Depths:4 | You showed the slimy rune of Zot to enter a treasure trove
 44746 | Trove    | Entered a treasure trove
 44777 | Trove    | Identified the +2 pair of boots of the Aged Loafs {Regen+
                  | Int+5 Stlth-}
 44796 | Trove    | Identified the +1 broad axe "Paiffapt" {pain, rN+ Str+5
                  | Int-3}
 44807 | Trove    | Identified the ring "Yduugupt" {+Blink Will+ Dex+4}
 45098 | Depths:4 | Reached XP level 25. HP: 245/245 MP: 32/32
 45396 | Zot:1    | Entered Level 1 of the Realm of Zot
 45489 | Zot:1    | Found a transporter.
 45675 | Zot:1    | Found a transporter.
 46041 | Zot:1    | Noticed an orb of fire
 46047 | Zot:1    | Killed an orb of fire
 46103 | Zot:1    | Identified the ring of Leaves {rElec Will- AC+4 Int+5}
 46114 | Zot:1    | Identified the amulet "Sepopaud" {RegenMP+ Dex+6}
 46418 | Zot:2    | You are sucked into a shaft and drop 2 floors!
 46691 | Zot:4    | Noticed an orb of fire
 46701 | Zot:4    | Killed an orb of fire
 47100 | Zot:4    | Reached XP level 26. HP: 245/257 MP: 32/32
 47433 | Zot:5    | Entered Level 5 of the Realm of Zot
 47444 | Zot:5    | Found Gog Vued's Changing Room.
 47665 | Zot:5    | Reached skill level 15 in Dodging
 47939 | Zot:5    | Noticed an ancient lich
 47951 | Zot:5    | Killed an ancient lich
 47959 | Zot:5    | Noticed an orb of fire
 47961 | Zot:5    | Noticed a dread lich
 47963 | Zot:5    | Gained mutation: You are frail. (-10% HP) [an orb of fire]
 47968 | Zot:5    | Gained mutation: You are clumsy. (Dex -2) [an orb of fire]
 47971 | Zot:5    | Killed an orb of fire
 47980 | Zot:5    | Killed a dread lich
 48033 | Zot:5    | Reached skill level 15 in Shields
 48040 | Zot:5    | Noticed an orb of fire
 48055 | Zot:5    | Killed an orb of fire
 48066 | Zot:5    | Noticed an ancient lich
 48084 | Zot:5    | Killed an ancient lich
 48157 | Zot:5    | Got the Orb of Zot
 48238 | Zot:1    | Noticed Ruppesotz the pandemonium lord
 48643 | D:4      | Noticed Upairgh the pandemonium lord
 48650 | D:4      | Killed Upairgh the pandemonium lord
 48773 | D:1      | Lost mutation: Your body sometimes deteriorates upon taking
                  | damage. [potion of mutation]
 48773 | D:1      | Lost mutation: You are partially covered in iridescent
                  | scales. (AC +2) [potion of mutation]
 48773 | D:1      | Gained mutation: You occasionally lose the ability to drink
                  | potions when taking damage. [potion of mutation]
 48773 | D:1      | Gained mutation: Your muscles are strong. (Str +4, Int/Dex
                  | -1) [potion of mutation]
 48776 | D:1      | Lost mutation: You are frail. (-10% HP) [potion of
                  | mutation]
 48776 | D:1      | Lost mutation: Your muscles are strong. (Str +4, Int/Dex
                  | -1) [potion of mutation]
 48776 | D:1      | Gained mutation: You are frail. (-10% HP) [potion of
                  | mutation]
 48776 | D:1      | Gained mutation: Your magical capacity is low. (-10% MP)
                  | [potion of mutation]
 48776 | D:1      | Gained mutation: You expend magic power (3 MP) to
                  | strengthen your wands. [potion of mutation]
 48777 | D:1      | Lost mutation: Your magical capacity is low. (-10% MP)
                  | [potion of mutation]
 48777 | D:1      | Lost mutation: You occasionally lose the ability to drink
                  | potions when taking damage. [potion of mutation]
 48777 | D:1      | Lost mutation: Your natural rate of healing is unusually
                  | fast. [potion of mutation]
 48777 | D:1      | Gained mutation: You are partially covered in iridescent
                  | scales. (AC +2) [potion of mutation]
 48777 | D:1      | Gained mutation: Your system is resistant to poisons.
                  | (rPois) [potion of mutation]
 48778 | D:1      | Lost mutation: Your system is resistant to poisons. (rPois)
                  | [potion of mutation]
 48778 | D:1      | Lost mutation: You are partially covered in iridescent
                  | scales. (AC +2) [potion of mutation]
 48778 | D:1      | Gained mutation: You have hidden genetic potential. [potion
                  | of mutation]
 48779 | D:1      | Lost mutation: You expend magic power (3 MP) to strengthen
                  | your wands. [potion of mutation]
 48779 | D:1      | Lost mutation: You are frail. (-10% HP) [potion of
                  | mutation]
 48779 | D:1      | Gained mutation: You are weak. (Str -2) [potion of
                  | mutation]
 48779 | D:1      | Gained mutation: You are partially covered in iridescent
                  | scales. (AC +2) [potion of mutation]
 48779 | D:1      | Gained mutation: You are mostly covered in iridescent
                  | scales. (AC +4) [potion of mutation]
 48779 | D:1      | Gained mutation: Your system is resistant to poisons.
                  | (rPois) [potion of mutation]
 48780 | D:1      | Lost mutation: You are clumsy. (Dex -2) [potion of
                  | mutation]
 48780 | D:1      | Lost mutation: Your system is resistant to poisons. (rPois)
                  | [potion of mutation]
 48780 | D:1      | Gained mutation: Your system is resistant to poisons.
                  | (rPois) [potion of mutation]
 48780 | D:1      | Gained mutation: You expend magic power (3 MP) to
                  | strengthen your wands. [potion of mutation]
 48780 | D:1      | Gained mutation: You have a pair of large horns on your
                  | head. [potion of mutation]
 48781 | D:1      | Lost mutation: You have hidden genetic potential. [potion
                  | of mutation]
 48781 | D:1      | Lost mutation: You have a pair of large horns on your head.
                  | [potion of mutation]
 48781 | D:1      | Lost mutation: You are mostly covered in iridescent scales.
                  | (AC +4) [potion of mutation]
 48781 | D:1      | Gained mutation: Your flesh is cold resistant. (rC+)
                  | [potion of mutation]
 48781 | D:1      | Gained mutation: You have sharp toenails. [potion of
                  | mutation]
 48782 | D:1      | Lost mutation: You expend magic power (3 MP) to strengthen
                  | your wands. [potion of mutation]
 48782 | D:1      | Lost mutation: You have sharp toenails. [potion of
                  | mutation]
 48782 | D:1      | Lost mutation: You are weak. (Str -2) [potion of mutation]
 48784 | D:$      | Escaped with the Orb!

Illustrated notes

Levels and vault maps discovered:
D:1:      mushboom_english_gardens, layout_loops_ring, serial_shops, shop,
          st_stairs_13, minmay_close_crescents
D:2:      layout_basic, uniq_sigmund, uniq_jessica, uniq_terence
D:3:      layout_basic
D:4:      layout_loops_corners, uniq_crazy_yiuf_cottage
D:5:      layout_loops_ring, makhleb_altar_promises_db, fiery_altar_vehumet,
          serial_shops, nicolae_shop_drivethru, hangedman_decor_points
D:6:      nicolae_BIG_FREAKIN_CUBE, layout_basic,
          minmay_temple_entry_proselytizer, grunt_ministairs_12,
          minmay_misc_feat_five, nicolae_shop_overcharged_wands
D:7:      layout_basic, grunt_temple_overflow_open, kennysheep_vampire_church,
          corner_web_ring, uniq_maurice
D:8:      layout_gridville, uniq_jeremiah
D:9:      layout_basic, mainiacjoe_overflow_alcove_1, serial_shops,
          kennysheep_little_box, nicolae_transporter_circle
D:10:     minmay_skewed_foursquare, layout_basic, grunt_gozag_breadcrumbs,
          marbit_many_paths, dpeg_oklobed_lair, uniq_psyche
D:11:     layout_rooms, orc_david_3, serial_shops, shop, zin_angel, uniq_snorg
D:12:     layout_rooms, hex_large, hellmonk_guarded_unrand_gong
D:13:     layout_loops_cross, serial_rivers, chequers_serial_rivers_micro_d,
          chequers_serial_rivers_micro_b, chequers_serial_rivers_micro_a,
          chequers_serial_rivers_small_3, chequers_serial_rivers_large_a,
          chequers_serial_rivers_micro_b, nicolae_shop_vocational
D:14:     minmay_the_grid_square_5x5_5x5_mashed
          [minmay_the_grid_square_5x5_slash,
          minmay_the_grid_square_5x5_tetrominoes,
          minmay_the_grid_square_5x5_tie, minmay_the_grid_square_5x5_z,
          minmay_the_grid_square_5x5_checkered,
          minmay_the_grid_square_5x5_eight,
          minmay_the_grid_square_5x5_prize_monsterx,
          minmay_the_grid_square_5x5_v, minmay_the_grid_square_5x5_prize_gold,
          minmay_the_grid_square_5x5_longway,
          minmay_the_grid_square_5x5_moneybag,
          minmay_the_grid_square_5x5_inner_v,
          minmay_the_grid_square_5x5_prize_deathbox,
          minmay_the_grid_square_5x5_inset,
          minmay_the_grid_square_5x5_three_small,
          minmay_the_grid_square_5x5_inner_z,
          minmay_the_grid_square_5x5_prize_rear_guard,
          minmay_the_grid_square_5x5_spiral,
          minmay_the_grid_square_5x5_prize_junk,
          minmay_the_grid_square_5x5_n_small, minmay_the_grid_square_5x5_mess,
          minmay_the_grid_square_5x5_doubleslash,
          minmay_the_grid_square_5x5_minivault,
          minmay_the_grid_square_5x5_six_small,
          minmay_the_grid_square_5x5_bite], layout_long_grid, david_vaults_2,
          grunt_decor_fettered, serial_shops, shop, shop,
          nicolae_shop_hallway_plus
D:15:     gammafunk_enter_depths_forms, layout_basic, item_on_display_a
Temple:   nicolae_temple_ecumenical_triangle
Lair:1:   layout_gridlike, chequers_serial_rivers_room_a,
          grunt_forest_large_clearing_hut, uniq_urug, uniq_gastronok,
          uniq_amaemon
Lair:2:   layout_regular_city, serial_bayou_shore_a
Lair:3:   layout_small_grid, minmay_shoals_entry_beasts,
          spider_nest_entry_web_field, nicolae_quartered_pool_impasse,
          serial_bayou_ford_a, lemuel_fruit_tree, uniq_rupert
Lair:4:   layout_hall_layers, dpeg_slime_entry_corner
Lair:5:   hangedman_lair_tendril_chambers, layout_misc_corridors,
          serial_bayou_shore_b
Shoals:1: nicolae_shoals_island_circles, layout_shoals
Shoals:2: layout_shoals, nicolae_shoals_lost_giant_baths, serial_nicolae_subway,
          nicolae_sub_station_stone, nicolae_sub_station_metal,
          nicolae_sub_station_crystal, uniq_aizul
Shoals:3: layout_shoals
Shoals:4: shoals_end_hangedman, layout_shoals, shoals_ilsuiw_alternative,
          serial_shops, nicolae_square_shop
Spider:1: layout_cave_pods
Spider:2: nicolae_spider_mines_1, nicolae_spider_bzzzt
Spider:3: cheibrodos_spider_silkery, nicolae_spider_world_wide_web,
          uniq_arachne, uniq_donald, uniq_roxanne
Spider:4: grunt_spider_rune_island
Slime:1:  layout_caves
Slime:2:  layout_caves
Slime:3:  layout_caves, basic_altar
Slime:4:  layout_caves, nicolae_slime_barrier
Slime:5:  slime_pit_nicolae_amoeboid
Orc:1:    layout_caves, serial_shops, nicolae_shop_pleasant_corner_grove,
          minmay_orc_temple_b
Orc:2:    st_orc_open, layout_caves, lightli_church_of_beogh
Elf:1:    layout_rooms, regret_index_elf_centigrade
Elf:2:    nicolae_elf_blades_crystal_corner, layout_loops_corners,
          infiniplex_enter_wizlab_spiral, grunt_ministairs_11, uniq_asterion,
          uniq_norris
Elf:3:    minmay_elf_hall, layout_geoelf_octagon, serial_shops,
          nicolae_shop_real_fake_doors, nicolae_zig_zag_zippers
Vaults:1: st_check, nicolae_vaults_three_branches,
          nicolae_vaults_little_squares_3, nicolae_vaults_apartment_1,
          vaults_room_fancy_cross, v_misc_29, v_misc_26,
          nicolae_vaults_diamond_2, nicolae_vaults_closet_pinwheel_1,
          vaults_room_fours, nicolae_vaults_more_shelving_1,
          layout_vaults_big_cross, serial_shops, shop_fountains
Vaults:2: minmay_crypt_entry_vampire_xt, v_misc_18, v_misc_2, v_misc_32,
          vaults_room_fancy_cross, nicolae_vaults_yaktaur_gun_rack,
          vaults_room_door_hall, grunt_vaults_funnel, vaults_room_pools,
          nicolae_vaults_double_plus_2, serial_ice_h, layout_vaults_ring
Vaults:3: nicolae_vaults_shrinking_rooms_1, vaults_dpeg_cross,
          ontoclasm_vaults_chip, nicolae_vaults_closet_pinwheel_2,
          grunt_vaults_swirl, v_misc_27, hangedman_vaults_variations,
          nicolae_vaults_trapezoid_lopsided_3, nicolae_vaults_rhombus_5,
          nicolae_vaults_statue_guard, nicolae_vaults_storage_room_doors,
          grunt_vaults_diagonal, ontoclasm_vaults_claustrophobia,
          nicolae_vaults_trapezoid_lopsided_3, layout_vaults_omnibox, uniq_mara,
          uniq_margery
Vaults:4: nicolae_vaults_triangles, v_misc_4, nicolae_vaults_network_star,
          nicolae_vaults_surprise_closet, nicolae_vaults_house_3,
          nicolae_vaults_more_shelving_2, nicolae_vaults_six-pack,
          nicolae_vaults_tetromino_T_1, nicolae_vaults_trapezoid_lopsided_1,
          vaults_room_pool, layout_vaults_chaotic_city, uniq_mennas, uniq_jory
Vaults:5
Crypt:1:  layout_regular_city
Crypt:2:  layout_catacombs, pandoras_box_mu, grunt_megastairs_5
Crypt:3:  david_glass_crypt, layout_gridlike, tomb_entry_moat_badplayer,
          grunt_ministairs_4
Depths:1: layout_roguey, grunt_hell_entry_dis_old, nicolae_wu_jian_wuxing_cycle,
          rand_demon_pan_entry_9, cheibrodos_lost_city_excavation,
          minmay_shop_grove
Depths:2: kennysheep_gozag_temple, layout_basic, enter_ziggurat_f,
          nicolae_qazlal_eye_of_the_storm, pf_coc_iceberg, abyss_entry,
          grunt_pan_entry_spiral
Depths:3: radiant_caverns_a_rkd, hell_entry, abyss_entry
Depths:4: evilmike_zot_entry_diamond, layout_gridlike,
          nicolae_trove_entry_free_sample, chequers_serial_rivers_small_3,
          hell_entry, grunt_megastairs_1
Zot:1:    gammafunk_its_a_trap, layout_twisted_circle, st_small_dragon_hoard_5
Zot:2:    layout_twisted_circle, grunt_megastairs_2
Zot:3:    layout_cathedral_of_symmetry
Zot:4:    lemuel_firehouse, layout_onion, regret_index_zot_stipple_split
Zot:5:    layout_basic, grunt_ministairs_11, nicolae_transmutations_shop,
          bh_zot_levy_curve

Skill      XL: |  1  2  3  4  5  6  7  8  9 10 11 12 13 14 15 16 17 18 19 20 21 22 23 24 25 26 |
---------------+-------------------------------------------------------------------------------+-----
Fighting       | 4 5 6 7 8 9 11 12 13 14 15 16 17 18 19 20 21 22 23 24 25 | 25.7
Unarmed Combat | 4 5 6 8 9 11 12 13 15 16 17 19 20 21 22 23 24 25 27 | 27.0
Dodging        | 4 5 6 7 8 9 10 11 12 13 14 16 | 16.0
Armour         | 1 4 6 8 9 11 12 13 14 15 16 17 18 19 20 21 23 25 26 | 26.7
Invocations    | 1 3 4 6 7 8 10 11 12 13 14 | 14.0
Translocations | 2 3 4 5 6 7 9 10 12 13 | 13.7
Shields        | 4 6 7 9 10 11 14 15 | 15.6
Evocations     | 2 5 6 8 10 12 13 | 13.4
Stealth        | 6 |  6.3

Action                     |  1- 3 |  4- 6 |  7- 9 | 10-12 | 13-15 | 16-18 | 19-21 | 22-24 | 25-27 || total
---------------------------+-------+-------+-------+-------+-------+-------+-------+-------+-------++-------
  Melee: Unarmed           |    53 |    76 |   234 |   401 |   904 |  1061 |  1425 |  1396 |   694 ||  6244
         Headbutt          |    10 |    15 |    67 |   116 |   267 |   287 |   411 |   450 |   259 ||  1882
         Punch             |       |       |       |       |    97 |   165 |   116 |       |       ||   378
  Throw: Boomerang         |     1 |    13 |       |       |       |       |       |       |       ||    14
         Dart              |       |     1 |     5 |     9 |     1 |       |       |       |       ||    16
   Cast: Lesser Beckoning  |       |       |       |       |     3 |    31 |    23 |    33 |    19 ||   109
         Blink             |       |       |       |       |       |       |       |     1 |       ||     1
 Invoke: Slouch            |       |       |       |     2 |     6 |     7 |    16 |    12 |       ||    43
         Temporal Distorti |       |       |       |       |       |       |       |     1 |       ||     1
  Evoke: Wand              |       |       |     1 |     6 |       |     2 |     5 |     8 |     5 ||    27
         Sack of spiders   |       |       |       |       |       |       |       |       |     1 ||     1
    Use: Potion            |       |     6 |     3 |     1 |     3 |     8 |     6 |     5 |    13 ||    45
         Scroll            |       |     1 |     1 |       |    24 |    14 |     5 |    13 |     7 ||    65
   Stab: Petrified         |       |       |       |       |     4 |       |       |       |       ||     4
         Petrifying        |       |       |       |       |     3 |       |       |       |       ||     3
         Distracted        |       |       |       |       |       |     4 |     3 |     4 |       ||    11
         Sleeping          |       |       |       |       |       |     2 |    15 |     4 |       ||    21
         Invisible         |       |       |       |       |       |    44 |    30 |       |       ||    74
 Armour: Robe              |    29 |    35 |    31 |       |       |       |       |       |       ||    95
         Skin              |       |    28 |       |       |       |       |       |       |       ||    28
         Chain mail        |       |       |    87 |       |       |       |       |       |       ||    87
         Plate armour      |       |       |     4 |   261 |   738 |    17 |       |       |       ||  1020
         Troll leather arm |       |       |       |       |       |   744 |   597 |   331 |       ||  1672
         Gold dragon scale |       |       |       |       |       |       |       |   127 |   277 ||   404
  Dodge: Dodged            |    32 |    40 |   150 |   178 |   543 |  1236 |  1132 |   704 |   363 ||  4378
  Block: Kite shield       |       |       |       |    93 |   201 |       |   535 |  1015 |   583 ||  2427

Table legend: (Time is in decaauts)
 A = Elapsed time spent in this place.
 B = Non-inter-level travel time spent in this place.
 C = Inter-level travel time spent in this place.
 D = Time resting spent in this place.
 E = Time spent auto-exploring this place.
 F = Levels seen in this place.
 G = Mean time per level.
                   A        B        C        D        E       F      G
               +--------+--------+--------+--------+--------+-----+--------+
         Total |  76274 |  68130 |   8144 |   3683 |  48781 |  63 | 1210.7 |
       Dungeon |  20812 |  18276 |   2536 |   1157 |  13784 |  15 | 1387.5 |
        Temple |     12 |     12 |      0 |      0 |      0 |   1 |   12.0 |
          Lair |   8577 |   7702 |    875 |    207 |   6355 |   5 | 1715.4 |
        Shoals |   4519 |   4008 |    511 |    111 |   2720 |   4 | 1129.8 |
   Spider Nest |   5101 |   4671 |    430 |    392 |   3048 |   4 | 1275.2 |
    Slime Pits |   1386 |   1237 |    149 |     96 |    484 |   5 |  277.2 |
  Orcish Mines |   2140 |   1857 |    283 |    139 |   1283 |   2 | 1070.0 |
   Elven Halls |   4863 |   4424 |    439 |    435 |   2895 |   3 | 1621.0 |
        Vaults |  11325 |   9928 |   1397 |    264 |   7802 |   5 | 2265.0 |
         Crypt |   3894 |   3340 |    554 |     83 |   2482 |   3 | 1298.0 |
        Depths |   6973 |   6373 |    600 |     88 |   4861 |   4 | 1743.2 |
           Zot |   4322 |   3957 |    365 |    236 |   2564 |   5 |  864.4 |
         Abyss |    726 |    726 |      0 |      7 |    374 |   5 |  145.2 |
         Trove |    278 |    278 |      0 |      0 |      9 |   1 |  278.0 |
        Wizlab |   1341 |   1341 |      0 |    464 |    117 |   1 | 1341.0 |
               +--------+--------+--------+--------+--------+-----+--------+

Top non-repeatable levels by time:
Vaults:1: 2701 daAuts
    D:14: 2281 daAuts
Vaults:5: 2262 daAuts
Vaults:4: 2243 daAuts
    D:10: 2197 daAuts
   Elf:2: 2160 daAuts
  Lair:3: 2134 daAuts
Vaults:3: 2109 daAuts
Depths:1: 2093 daAuts
Vaults:2: 2008 daAuts
  Lair:4: 1921 daAuts
   Elf:3: 1793 daAuts
Depths:4: 1768 daAuts
    D:15: 1766 daAuts
    D:13: 1732 daAuts
